 Dungeon Crawl Stone Soup version 0.16-a0-3394-g83d1dde (console) character file.

14 MarvinPA the Insei (level 2, 0/18 HPs)
             Began as an Octopode Transmuter on Dec 30, 2014.
             Slain by a kobold
             ... wielding a +0 dagger
              (4 damage)
             ... on level 1 of the Dungeon.
             The game lasted 00:02:08 (363 turns).

MarvinPA the Insei (Octopode Transmuter)             Turns: 363, Time: 00:02:08

Health: 0/18       AC:  1    Str:  9    XL:     2   Next: 41%
Magic:  3/4        EV: 12    Int: 15    God:
Gold:   32         SH:  0    Dex: 12    Spells: 1 memorised, 4 levels left

rFire  . . .     SeeInvis .       - Unarmed
rCold  . . .     Clarity  .     (no shield)
rNeg   . . .     SustAb   .     (helmet restricted)
rPois  .         Gourm    .     (no amulet)
rElec  .         Spirit   .     (no ring)
rCorr  .         Warding  .     (no ring)
rMut   .         Stasis   .     (no ring)
MR     .....                    (no ring)
Stlth  ++........               (no ring)
                                (no ring)
                                (no ring)
                                (no ring)

@: appendage, not resistant to hostile enchantments, unstealthy
A: almost no armour, amphibious, 8 rings, constrict 8, tentacle spike 3,
camouflage 1, gelatinous body 1
a: End Transformation


You were on level 1 of the Dungeon.
You were not hungry.
One of your tentacles had a temporary spike.
You visited 1 branch of the dungeon, and saw 1 of its levels.

You collected 32 gold pieces.


Innate Abilities, Weirdness & Mutations

You cannot wear most types of armour.
You are amphibious.
You can wear up to eight rings at the same time.
You can use your tentacles to constrict many enemies at once.
Your skin changes colour to match your surroundings (Stealth).
Your rubbery body absorbs attacks (AC +1).
One of your tentacles bears a large vicious spike.


   Skills:
 - Level 1.0 Fighting
 - Level 2.0 Dodging
 + Level 3.3 Unarmed Combat
 - Level 2.0 Spellcasting
 + Level 2.6 Transmutations


You had 4 spell levels left.
You knew the following spells:

 Your Spells              Type           Power        Failure   Level  Hunger
z - Beastly Appendage     Trmt           #.....       10%         1    #......

Inventory:

Missiles
 b - 12 arrows
Scrolls
 e - a scroll of blinking {unknown}
 h - a scroll of identify {unknown}
 j - a scroll of remove curse {unknown}
Potions
 g - a potion of heal wounds {unknown}
 i - 2 potions of cure mutation {unknown}
 k - a potion of might {unknown}
Books
 d - a book of Changes
Comestibles
 a - a bread ration
 c - a chunk of flesh {@w1}
 f - a meat ration

Dungeon Overview and Level Annotations

Branches:
Dungeon (1/15)

Altars:

#...............######
###...#....>.£[........
####..#####8..8#..#######
..........##..##..........
..(≈.###########..###.....
≈.≈#≈............)£...##
...≈..##########.#.!....#
.≈.).≈.### #.#......#
≈#≈.≈#≈..## #x#.....>#
.≈...≈....######K#......#
...≈...≈................
≈.≈#≈.≈#≈#######.#.....
...≈...≈.#### #......
.≈...≈......# #.....
≈#≈.≈#≈.....# #.. #..
.≈...≈......# #..# .
...≈..###.........


You could see a kobold.


Message History

Okay, then.
A hobgoblin comes into view. It is wielding a club.
Found an escape hatch in the floor.
You closely miss the hobgoblin. You grab the hobgoblin.
The hobgoblin barely misses you.
You tentacle-slap the hobgoblin.
You squeeze the hobgoblin, but do no damage.
The hobgoblin is severely wounded.
You constrict the hobgoblin. The hobgoblin closely misses you.
You tentacle-slap the hobgoblin.
You kill the hobgoblin!
You see here a club.
The hobgoblin shouts!
You hear a shout!
You hear a shout!
A goblin and a kobold come into view.
The hobgoblin hits you with a club!
You barely miss the hobgoblin. The hobgoblin hits you with a club.
* * * LOW HITPOINT WARNING * * *
You tentacle-slap the hobgoblin but do no damage.
You grab the hobgoblin. You constrict the hobgoblin.
The hobgoblin barely misses you.
You tentacle-slap the hobgoblin.
You kill the hobgoblin!
Some of the chunks of flesh in your inventory have rotted away.
One of your tentacles grows a vicious spike.
The kobold hits you with a dagger.
* * * LOW HITPOINT WARNING * * *
You barely miss the kobold. The kobold misses you.
You barely miss the kobold. You grab the kobold.
The kobold hits you with a dagger.
You die...

Action                   || total
-------------------------++-------
Melee: Unarmed           ||    35
 Cast: Beastly Appendage ||     5
 Stab: Sleeping          ||     2

Vault maps used:
D:1:      lightli_arrival_noodles, kennysheep_doodads, st_stairs_6,
          minmay_liquid_box

Notes
Turn   | Place    | Note
--------------------------------------------------------------
     0 | D:1      | MarvinPA, the Octopode Transmuter, began the quest for the Orb.
     0 | D:1      | Reached XP level 1. HP: 13/13 MP: 3/3
   254 | D:1      | Reached XP level 2. HP: 16/18 MP: 4/4
   363 | D:1      | Slain by a kobold

Vanquished Creatures
  2 bats (D:1)
  2 goblins (D:1)
  3 hobgoblins (D:1)
  3 giant newts (D:1)
  2 kobolds (D:1)
  3 rats (D:1)
15 creatures vanquished.
